[Event "ICC tourney 2516 (60 10)"]
[Site "Internet Chess Club"]
[Date "2021.04.18"]
[Round "6"]
[White "Bhatnagar, Arjun:arjunbps10"]
[Black "WEYMAN, GRANT A:grantwey"]
[Result "1/2-1/2"]
[ICCResult "White stalemated"]
[WhiteElo "957"]
[BlackElo "669"]
[Opening "Four knights: Ranken variation"]
[ECO "C48"]
[NIC "KP.03"]
[Time "16:32:15"]
[PlyCount "136"]
[TimeControl "3600+10"]

1. e4 e5 2. Nf3 Nc6 3. Nc3 Nf6 4. Bb5 a6 5. Bxc6 bxc6 6. Nxe5 Bb7 7. d3 d6
8. Nf3 Be7 9. Bf4 h6 10. O-O O-O 11. Qd2 d5 12. e5 Nh7 13. d4 c5 14. dxc5
Bxc5 15. Rad1 c6 16. Be3 Bxe3 17. Qxe3 Re8 18. Rfe1 f6 19. Qc5 fxe5 20.
Rxe5 Rxe5 21. Nxe5 Qe8 22. Re1 Nf6 23. Re3 Nd7 24. Nxd7 Qxd7 25. Re7 Re8
26. Rxe8+ Qxe8 27. h3 Qe1+ 28. Kh2 Qe5+ 29. g3 Qf5 30. Kg2 Qxc2 31. Qb6 d4
32. Qxb7 dxc3 33. Qxc6 Qxb2 34. Qc4+ Kf8 35. Qf4+ Ke7 36. Qe5+ Kf7 37. Kf3
Qb7+ 38. Ke2 Qb2+ 39. Kd3 Qxa2 40. Qxc3 Qb1+ 41. Qc2 Qxc2+ 42. Kxc2 Ke6 43.
f3 Kd5 44. Kd3 Kc5 45. Kc3 Kd5 46. Kd3 a5 47. Kc3 a4 48. Kb4 Kd4 49. Kxa4
Ke3 50. Kb4 Kxf3 51. g4 Kg3 52. Kc4 Kxh3 53. Kd4 Kxg4 54. Ke4 h5 55. Ke3 h4
56. Kf2 h3 57. Kg1 g5 58. Kh2 Kh4 59. Kg1 g4 60. Kh2 g3+ 61. Kg1 Kg4 62.
Kh1 Kf3 63. Kg1 h2+ 64. Kh1 Ke2 65. Kg2 Ke3 66. Kh1 Kf4 67. Kg2 Kg4 68. Kh1
Kf3 { White stalemated } 1/2-1/2

[Event "ICC tourney 2516 (60 10)"]
[Site "Internet Chess Club"]
[Date "2021.04.18"]
[Round "6"]
[White "DUNIKOV, DAVID EUGENE:DavidNest"]
[Black "WANG, LUCAS RONG CHEN:MagnetAEM"]
[Result "1-0"]
[ICCResult "Black checkmated"]
[WhiteElo "1230"]
[BlackElo "1080"]
[Opening "Sicilian: dragon variation"]
[ECO "B70"]
[NIC "SI.15"]
[Time "16:32:25"]
[PlyCount "57"]
[TimeControl "3600+10"]

1. e4 c5 2. Nf3 d6 3. d4 cxd4 4. Nxd4 Nf6 5. Nc3 g6 6. Bc4 Bg7 7. O-O O-O
8. Be3 Nc6 9. f3 a6 10. Na4 Nxd4 11. Bxd4 b5 12. Bxf6 Bxf6 13. Bd5 Rb8 14.
Nc3 Qc7 15. Ne2 Bxb2 16. Rb1 Bg7 17. Ng3 Bb7 18. Bb3 Rbc8 19. f4 Qc3 20. f5
Qe3+ 21. Kh1 Qc3 22. Qg4 Be5 23. fxg6 hxg6 24. Qxg6+ Bg7 25. Bxf7+ Rxf7 26.
Rxf7 Qe5 27. Nh5 Bxe4 28. Rxg7+ Kh8 29. Rh7# { Black checkmated } 1-0

[Event "ICC tourney 2516 (60 10)"]
[Site "Internet Chess Club"]
[Date "2021.04.18"]
[Round "6"]
[White "Antonios, Mila:mimiant"]
[Black "ROHRS, SOPHIE:RainbowQueen"]
[Result "1-0"]
[ICCResult "Black checkmated"]
[WhiteElo "1023"]
[BlackElo "809"]
[Opening "Two knights defense (Modern bishop's opening)"]
[ECO "C55"]
[NIC "IG.01"]
[Time "16:32:25"]
[PlyCount "53"]
[TimeControl "3600+10"]

1. e4 e5 2. Nf3 Nc6 3. Bc4 Nf6 4. d3 h6 5. c3 Bc5 6. Nbd2 O-O 7. Bb3 d6 8.
O-O Bg4 9. h3 Bh5 10. Re1 d5 11. exd5 Nxd5 12. Nf1 Nf4 13. Ng3 Bg6 14. Nxe5
Nxe5 15. Bxf4 Nc6 16. d4 Bd6 17. Bxd6 Qxd6 18. Qg4 Kh8 19. h4 f6 20. h5 Bh7
21. Nf5 Bxf5 22. Qxf5 Ne7 23. Rxe7 Qxe7 24. Bc2 g6 25. Qxg6 Rg8 26. Qxh6+
Qh7 27. Qxh7# { Black checkmated } 1-0

[Event "ICC tourney 2516 (60 10)"]
[Site "Internet Chess Club"]
[Date "2021.04.18"]
[Round "6"]
[White "WANG, DEVIN V:DVWANG"]
[Black "AMBA, ADVAITH:advichess"]
[Result "1-0"]
[ICCResult "Black checkmated"]
[WhiteElo "1064"]
[BlackElo "859"]
[Opening "Ruy Lopez: exchange variation"]
[ECO "C68"]
[NIC "RL.08"]
[Time "16:32:38"]
[PlyCount "87"]
[TimeControl "3600+10"]

1. e4 e5 2. Nf3 Nc6 3. Bb5 a6 4. Bxc6 bxc6 5. d3 d6 6. h3 Nf6 7. Bg5 Be7 8.
Nc3 O-O 9. Bxf6 Bxf6 10. O-O d5 11. exd5 cxd5 12. Re1 Re8 13. Qd2 Rb8 14.
Rab1 Bf5 15. Re2 d4 16. Ne4 Bxe4 17. Rxe4 Qd5 18. b3 c5 19. Rbe1 Re6 20.
Ng5 Bxg5 21. Qxg5 Rbe8 22. f4 f6 23. Qg3 exf4 24. Qxf4 Rxe4 25. Rxe4 Rxe4
26. Qxe4 Qxe4 27. dxe4 Kf7 28. Kf2 Ke6 29. Ke2 Kd6 30. Kd3 g6 31. c3 Ke5
32. b4 cxb4 33. cxd4+ Kd6 34. Kc4 b3 35. axb3 f5 36. e5+ Ke6 37. d5+ Kd7
38. Kc5 a5 39. e6+ Ke7 40. d6+ Kd8 41. Kc6 f4 42. d7 a4 43. Kd6 axb3 44.
e7# { Black checkmated } 1-0

[Event "ICC tourney 2516 (60 10)"]
[Site "Internet Chess Club"]
[Date "2021.04.18"]
[Round "6"]
[White "Alibhai, Aiyan Zain:Aza288"]
[Black "PIEN, ALEXANDER:ayp2012"]
[Result "0-1"]
[ICCResult "White checkmated"]
[WhiteElo "424"]
[BlackElo "628"]
[Opening "Queen's pawn, Mason variation"]
[ECO "D00"]
[NIC "QP.08"]
[Time "16:32:20"]
[PlyCount "122"]
[TimeControl "3600+10"]

1. d4 d5 2. Bf4 Nc6 3. e3 Nf6 4. Bd3 Nb4 5. c3 Nxd3+ 6. Qxd3 e6 7. Nd2 Bd6
8. Bg3 Bxg3 9. hxg3 Qd6 10. O-O-O Bd7 11. Ngf3 Qa6 12. Qc2 Qxa2 13. Ng5 Ba4
14. b3 Qxc2+ 15. Kxc2 Bb5 16. Ndf3 Ne4 17. Nxe4 dxe4 18. Ng5 Bd3+ 19. Kc1
h6 20. Nh3 O-O-O 21. Nf4 Bb5 22. c4 Bc6 23. d5 exd5 24. cxd5 Bb5 25. Rh5 c6
26. d6 Rhe8 27. Rd2 a5 28. Rh1 a4 29. bxa4 Bxa4 30. Rd4 Bb5 31. Rhd1 c5 32.
Rd5 b6 33. Nh5 Rg8 34. g4 Be2 35. R1d2 Bxg4 36. Ng3 Rge8 37. f3 exf3 38.
gxf3 Be6 39. R5d3 Kb7 40. d7 Re7 41. Ne4 Rdxd7 42. Nd6+ Kc7 43. Nb5+ Kc6
44. Rxd7 Rxd7 45. Nc3 Rxd2 46. Kxd2 h5 47. Ke2 h4 48. Kf1 h3 49. Kg1 b5 50.
Ne4 b4 51. Kh2 b3 52. Nd2 b2 53. f4 c4 54. e4 c3 55. Nb1 c2 56. Nd2 c1=Q
57. Nb3 Bxb3 58. Kxh3 Qg1 59. Kh4 Qg2 60. e5 Be6 61. Kh5 Qg4# { White
checkmated } 0-1

[Event "ICC tourney 2516 (60 10)"]
[Site "Internet Chess Club"]
[Date "2021.04.18"]
[Round "6"]
[White "Bartolini, Christian Joseph:Ninjastar16"]
[Black "Kuruvilla, Joshua Varughese:joshuakps77"]
[Result "1-0"]
[ICCResult "Black checkmated"]
[WhiteElo "1258"]
[BlackElo "997"]
[Opening "Scotch: Schmidt variation"]
[ECO "C45"]
[NIC "SO.04"]
[Time "16:32:16"]
[PlyCount "107"]
[TimeControl "3600+10"]

1. e4 e5 2. Nf3 Nc6 3. d4 exd4 4. Nxd4 Nf6 5. Nc3 Bb4 6. Nxc6 bxc6 7. Bd3
O-O 8. O-O d5 9. exd5 cxd5 10. Qf3 Bg4 11. Qg3 Bd6 12. Qh4 Be6 13. Bg5 h6
14. Bxf6 Qxf6 15. Qxf6 gxf6 16. Nb5 Be5 17. f4 Bd6 18. Nxd6 cxd6 19. f5 Bd7
20. c3 Rfe8 21. Rae1 Bc6 22. Kf2 Rab8 23. Rxe8+ Rxe8 24. Re1 Rb8 25. b3 Kg7
26. Re7 Rb7 27. Rxb7 Bxb7 28. g3 h5 29. h4 Kh6 30. b4 Bc6 31. b5 Bb7 32. a4
Bc8 33. a5 Kg7 34. Ke3 Kf8 35. Kd4 Bb7 36. Be2 Bc8 37. b6 axb6 38. axb6 Bb7
39. Bxh5 Ke7 40. Bf3 Kd7 41. Bxd5 Bc6 42. Bxc6+ Kxc6 43. h5 Kxb6 44. h6 Kc7
45. h7 Kc6 46. h8=Q d5 47. Qxf6+ Kb5 48. Kxd5 Ka4 49. Qb6 Ka3 50. Qb4+ Ka2
51. Kd4 Ka1 52. Kd3 Ka2 53. Kc2 Ka1 54. Qb2# { Black checkmated } 1-0

[Event "ICC tourney 2516 (60 10)"]
[Site "Internet Chess Club"]
[Date "2021.04.18"]
[Round "6"]
[White "Lam, Oliver H.Y.:OliverLam"]
[Black "Gaw, Zachary:zman-g"]
[Result "0-1"]
[ICCResult "White checkmated"]
[WhiteElo "448"]
[BlackElo "727"]
[Opening "two knights: Max Lange attack, Steinitz variation"]
[ECO "C50"]
[NIC "IG.02"]
[Time "16:32:22"]
[PlyCount "158"]
[TimeControl "3600+10"]

1. e4 e5 2. Nf3 Nc6 3. Bc4 Bc5 4. O-O Nf6 5. d4 exd4 6. e5 Ng4 7. Re1 O-O
8. h3 Nh6 9. Bg5 Qe8 10. Nbd2 Nf5 11. Nb3 Bb6 12. Qd3 d6 13. exd6 Qd7 14.
Nh4 Nxh4 15. Bxh4 Qxd6 16. Bg3 Qd7 17. Qe4 Qf5 18. Qxf5 Bxf5 19. c3 dxc3
20. bxc3 Rfe8 21. Nd2 h6 22. Nf3 Ba5 23. Rac1 Rxe1+ 24. Nxe1 Rd8 25. Nf3
Be4 26. Ne5 Nxe5 27. Bxe5 Re8 28. Bd4 Bb6 29. Bxb6 cxb6 30. Re1 Bc6 31. Rd1
a6 32. Rd4 Re1+ 33. Kh2 Re5 34. Rf4 Rg5 35. Bxf7+ Kh8 36. g3 Rc5 37. Bg6
Kg8 38. c4 Rg5 39. Bf7+ Kh7 40. h4 Re5 41. Rg4 Re1 42. Bd5 Bxd5 43. cxd5
Rd1 44. Re4 Rxd5 45. Re7 Ra5 46. Rxb7 Rxa2 47. Rxb6 Rxf2+ 48. Kh3 Rf6 49.
Rb4 a5 50. Ra4 Ra6 51. g4 Kg6 52. h5+ Kf6 53. Kh4 g6 54. hxg6 Kxg6 55. Ra3
a4 56. Ra2 a3 57. Ra1 a2 58. Kg3 Kg5 59. Kf3 Ra3+ 60. Ke2 Kxg4 61. Kd2 h5
62. Kc2 h4 63. Kb2 Ra8 64. Rxa2 Rxa2+ 65. Kxa2 h3 66. Kb2 h2 67. Kc2 h1=Q
68. Kd3 Qe1 69. Kd4 Qe2 70. Kd5 Qe3 71. Kd6 Qe4 72. Kd7 Qe5 73. Kd8 Qe6 74.
Kc7 Kf4 75. Kb8 Qd7 76. Ka8 Ke5 77. Kb8 Kd6 78. Ka8 Kc6 79. Kb8 Qb7# {
White checkmated } 0-1

[Event "ICC tourney 2516 (60 10)"]
[Site "Internet Chess Club"]
[Date "2021.04.18"]
[Round "6"]
[White "GAO, LILIANNA:QueenOfBlade"]
[Black "SEN, SAMANT ROBERT:srsmv"]
[Result "1-0"]
[ICCResult "Black checkmated"]
[WhiteElo "998"]
[BlackElo "1223"]
[Opening "Giuoco Piano: Möller (Therkatz) attack"]
[ECO "C54"]
[NIC "IG.02"]
[Time "16:32:26"]
[PlyCount "39"]
[TimeControl "3600+10"]

1. e4 e5 2. Nf3 Nc6 3. Bc4 Bc5 4. c3 Nf6 5. d4 exd4 6. cxd4 Bb4+ 7. Nc3
Nxe4 8. O-O Bxc3 9. d5 Na5 10. bxc3 O-O 11. Bd3 Nf6 12. Qa4 b6 13. Qh4 h6
14. Bxh6 Nh7 15. Bg5 f6 16. Bg6 Re8 17. Qxh7+ Kf8 18. d6 cxd6 19. Qh8+ Ke7
20. Rfe1# { Black checkmated } 1-0

[Event "ICC tourney 2516 (60 10)"]
[Site "Internet Chess Club"]
[Date "2021.04.18"]
[Round "6"]
[White "Gaw, Christian:cman-g"]
[Black "Wong, Kai Hei:kaiw49"]
[Result "0-1"]
[ICCResult "White checkmated"]
[WhiteElo "738"]
[BlackElo "917"]
[Opening "Giuoco Piano"]
[ECO "C50"]
[NIC "IG.02"]
[Time "16:32:40"]
[PlyCount "132"]
[TimeControl "3600+10"]

1. e4 e5 2. Nf3 Nc6 3. Bc4 Bc5 4. O-O Nf6 5. d3 h6 6. Nbd2 d6 7. h3 O-O 8.
Re1 Re8 9. Nf1 Be6 10. Bb3 Qd7 11. Bxe6 Rxe6 12. Ng3 Nd4 13. Nxd4 Bxd4 14.
c3 Bb6 15. Be3 Bxe3 16. Rxe3 d5 17. exd5 Nxd5 18. Rf3 Rf6 19. Rxf6 Nxf6 20.
d4 exd4 21. Qxd4 Qxd4 22. cxd4 Rd8 23. Rd1 c5 24. Ne2 cxd4 25. Rxd4 Rxd4
26. Nxd4 Kf8 27. Kf1 Ke8 28. Ke2 Kd7 29. Nf5 Nh5 30. g4 Nf4+ 31. Kf3 Nxh3
32. Nxg7 Ng5+ 33. Kf4 Ne6+ 34. Nxe6 Kxe6 35. Ke4 Kf6 36. Kf4 Ke6 37. Ke4
Kd6 38. Kd4 Kc6 39. Kc4 b5+ 40. Kd4 a5 41. Kd3 Kd5 42. b3 Kc5 43. Kc3 b4+
44. Kc2 Kd4 45. Kd2 Ke4 46. Ke2 Kf4 47. f3 f5 48. gxf5 Kxf5 49. Kf2 Kf4 50.
Kg2 h5 51. Kf2 h4 52. Kg2 Ke3 53. Kh3 Kxf3 54. Kxh4 Ke3 55. Kg3 Kd2 56. Kf3
Kc2 57. Ke2 Kb2 58. Kd2 Kxa2 59. Kc2 Ka3 60. Kc1 Kxb3 61. Kb1 a4 62. Ka1
Kc2 63. Ka2 b3+ 64. Ka1 b2+ 65. Ka2 b1=Q+ 66. Ka3 Qb3# { White checkmated }
0-1

[Event "ICC tourney 2516 (60 10)"]
[Site "Internet Chess Club"]
[Date "2021.04.18"]
[Round "6"]
[White "Deng, Michael:MichaelDeng1224"]
[Black "SINGH, ADITYA VEER:avs12"]
[Result "1-0"]
[ICCResult "Black checkmated"]
[WhiteElo "1080"]
[BlackElo "855"]
[Opening "Scotch: Mieses variation"]
[ECO "C45"]
[NIC "SO.04"]
[Time "16:32:21"]
[PlyCount "91"]
[TimeControl "3600+10"]

1. e4 e5 2. Nf3 Nc6 3. d4 exd4 4. Nxd4 Nf6 5. Nxc6 bxc6 6. e5 Ng8 7. Bc4
Bc5 8. Nc3 Ne7 9. Bg5 h6 10. Bh4 d6 11. exd6 cxd6 12. Ne4 Bb4+ 13. c3 Bc5
14. Nxc5 dxc5 15. Bxf7+ Kxf7 16. Qf3+ Kg8 17. O-O Qf8 18. Bxe7 Qxf3 19.
gxf3 Bh3 20. Rfd1 Re8 21. Re1 Kf7 22. Bxc5 Rxe1+ 23. Rxe1 a6 24. f4 Rd8 25.
f3 Rd2 26. Ba3 Rg2+ 27. Kh1 Rf2 28. c4 Rxf3 29. Bd6 Rf2 30. Be5 Kg6 31.
Rg1+ Kf5 32. Rxg7 Ke4 33. Rg1 h5 34. a4 h4 35. b4 Kf3 36. b5 axb5 37. axb5
cxb5 38. cxb5 Bg2+ 39. Rxg2 Rxg2 40. b6 Rb2 41. Bxb2 Kxf4 42. b7 Kf3 43.
b8=Q Kf2 44. Qf4+ Ke1 45. Bc1 Kd1 46. Qd2# { Black checkmated } 1-0

[Event "ICC tourney 2516 (60 10)"]
[Site "Internet Chess Club"]
[Date "2021.04.18"]
[Round "6"]
[White "FISCHBEIN, LUCA DAVID:lucachesschess"]
[Black "YUEN, DAISY:littleknightie"]
[Result "0-1"]
[ICCResult "White checkmated"]
[WhiteElo "1409"]
[BlackElo "990"]
[Opening "Scotch game"]
[ECO "C45"]
[NIC "SO.05"]
[Time "16:32:20"]
[PlyCount "90"]
[TimeControl "3600+10"]

1. e4 e5 2. Nf3 Nc6 3. d4 exd4 4. Nxd4 Bc5 5. Be3 Qf6 6. c3 d6 7. Bc4 Nge7
8. O-O O-O 9. Nxc6 Nxc6 10. Bxc5 dxc5 11. Qd5 b6 12. f4 Bb7 13. e5 Qf5 14.
Bd3 Qh5 15. f5 Rad8 16. Qe4 Qg5 17. f6 g6 18. Qe2 Nxe5 19. Be4 Bc8 20. Nd2
Rxd2 21. Qe1 Bh3 22. Rf2 Rfd8 23. g3 Rxf2 24. Qxf2 Rd2 25. Qe1 Rxb2 26. Rd1
Qxf6 27. a3 Nf3+ 28. Bxf3 Qxf3 29. Rd8+ Kg7 30. Qe5+ Kh6 31. Qf4+ Qxf4 32.
gxf4 Rb3 33. Rd3 Bf5 34. Rg3 Rxa3 35. Kf2 a5 36. Ke2 a4 37. Kd2 Rb3 38. Kc1
a3 39. Rg2 Rb1+ 40. Kd2 Rb2+ 41. Ke3 Rxg2 42. Kf3 Rc2 43. Ke3 a2 44. Kf3
a1=Q 45. Ke3 Qxc3# { White checkmated } 0-1

[Event "ICC tourney 2516 (60 10)"]
[Site "Internet Chess Club"]
[Date "2021.04.18"]
[Round "6"]
[White "TIPPA, ASWATH SRISAI:IGMin2023"]
[Black "ABDULLAH, AARIZ:onerider"]
[Result "1-0"]
[ICCResult "Black checkmated"]
[WhiteElo "865"]
[BlackElo "1061"]
[Opening "Giuoco Piano: Aitken variation"]
[ECO "C54"]
[NIC "IG.02"]
[Time "16:32:19"]
[PlyCount "71"]
[TimeControl "3600+10"]

1. e4 e5 2. Nf3 Nc6 3. Bc4 Bc5 4. c3 Nf6 5. d4 exd4 6. cxd4 Bb4+ 7. Nc3
Nxe4 8. O-O Nxc3 9. bxc3 Bxc3 10. Ba3 d6 11. Rc1 Ba5 12. Bb2 O-O 13. d5 Ne7
14. Qd4 Nf5 15. Qg4 f6 16. Bd3 Nh6 17. Qe4 Bf5 18. Qd4 Bb6 19. Qc3 Bg4 20.
Nd2 Rf7 21. Qc2 f5 22. h3 Qh4 23. Nc4 Bc5 24. a3 a5 25. Rce1 f4 26. Bxh7+
Kh8 27. Bg6 Rd7 28. Nxa5 Rxa5 29. Re8+ Ng8 30. hxg4 Rd8 31. Rfe1 Raa8 32.
R8e6 Qxg4 33. Bf5 Qg3 34. Rg6 Qh4 35. Bxg7+ Kh7 36. Rg4# { Black checkmated
} 1-0

[Event "ICC tourney 2516 (60 10)"]
[Site "Internet Chess Club"]
[Date "2021.04.18"]
[Round "6"]
[White "BANDREDDI, AARUSH:AarushB"]
[Black "RONDEAU, SANTIAGO:santiagorondeau"]
[Result "0-1"]
[ICCResult "White resigns"]
[WhiteElo "876"]
[BlackElo "1064"]
[Opening "Giuoco Piano"]
[ECO "C54"]
[NIC "IG.02"]
[Time "16:32:53"]
[PlyCount "56"]
[TimeControl "3600+10"]

1. e4 e5 2. Nf3 Nc6 3. Bc4 Bc5 4. c3 Nf6 5. d4 exd4 6. cxd4 Bb4+ 7. Nc3
Nxe4 8. O-O Bxc3 9. bxc3 d5 10. Re1 O-O 11. Qc2 Nf6 12. Bb5 Ne7 13. Ba3 Bf5
14. Qe2 Ng6 15. Bxf8 Kxf8 16. Bd3 Nf4 17. Qd2 Nxd3 18. Re2 Qd6 19. g3 c5
20. Nh4 Be4 21. f3 Nf4 22. Qxf4 Qxf4 23. gxf4 Bd3 24. Re5 cxd4 25. cxd4 Rc8
26. Rae1 Rc4 27. Re7 Rxd4 28. Rxb7 g6 { White resigns } 0-1

[Event "ICC tourney 2516 (60 10)"]
[Site "Internet Chess Club"]
[Date "2021.04.18"]
[Round "6"]
[White "Ma, Dorothy:Rosey9"]
[Black "KYRIACOU, ARIS:AriWinsU"]
[Result "1-0"]
[ICCResult "Black checkmated"]
[WhiteElo "771"]
[BlackElo "962"]
[Opening "Queen's bishop game"]
[ECO "D00"]
[NIC "QP.08"]
[Time "16:32:28"]
[PlyCount "155"]
[TimeControl "3600+10"]

1. d4 d5 2. Bf4 Nf6 3. Nf3 c5 4. e3 c4 5. c3 Bf5 6. Nbd2 Qb6 7. b3 g6 8.
bxc4 dxc4 9. Nxc4 Qc6 10. Be2 b5 11. Nce5 Qxc3+ 12. Nd2 e6 13. Bxb5+ Nbd7
14. O-O Bc2 15. Qc1 Ba3 16. Nb1 Qxa1 17. Qxc2 Bb2 18. Qa4 O-O 19. Nxd7 Nxd7
20. Bxd7 Bxd4 21. exd4 Rfd8 22. Nd2 Qb2 23. Rb1 Qc3 24. Nf3 Kg7 25. Bb5
Rab8 26. Bxb8 Rxb8 27. h3 Qc7 28. Rb4 Qc1+ 29. Kh2 Qc7+ 30. g3 a5 31. Rc4
Qb7 32. Bc6 Qb2 33. Kg2 Qe2 34. Rc2 Qd1 35. Rd2 Qc1 36. Qc2 Qa1 37. Rd1 Qb2
38. Qxb2 Rxb2 39. Ra1 Kf6 40. Ne5 Ke7 41. Bf3 f6 42. Nc4 Rc2 43. Nxa5 e5
44. Nc6+ Ke6 45. dxe5 fxe5 46. a4 Kf5 47. Re1 Kf6 48. Ra1 Kf5 49. a5 e4 50.
Bg4+ Kg5 51. Nd4 Rd2 52. Ne6+ Kh6 53. a6 e3 54. Rf1 e2 55. Re1 Ra2 56. Bxe2
Rxa6 57. Bxa6 g5 58. Be2 g4 59. Bxg4 Kg6 60. Nf8+ Kh6 61. Re7 Kg5 62. Nxh7+
Kh6 63. Nf6 Kg5 64. Ne4+ Kh6 65. Re6+ Kg7 66. Kf3 Kf7 67. Ra6 Kg7 68. Kf4
Kf7 69. Kf5 Kg7 70. Nc3 Kf7 71. Ra7+ Ke8 72. Ke6 Kd8 73. Kd6 Ke8 74. Ke6
Kf8 75. Nb1 Kg8 76. Kf6 Kh8 77. Kg6 Kg8 78. Ra8# { Black checkmated } 1-0

[Event "ICC tourney 2516 (60 10)"]
[Site "Internet Chess Club"]
[Date "2021.04.18"]
[Round "6"]
[White "ROWLAND, NIKOLAS:ridikulous"]
[Black "MORDANI, AADIT:ironman31"]
[Result "0-1"]
[ICCResult "White checkmated"]
[WhiteElo "1029"]
[BlackElo "1123"]
[Opening "Scandinavian (center counter) defense"]
[ECO "B01"]
[NIC "VO.17"]
[Time "16:32:43"]
[PlyCount "122"]
[TimeControl "3600+10"]

1. e4 d5 2. Nc3 d4 3. Nd5 e5 4. c3 c6 5. Nb4 Bxb4 6. cxb4 Nf6 7. d3 Be6 8.
Nf3 Qb6 9. Nxe5 Qxb4+ 10. Qd2 Qxd2+ 11. Bxd2 Nbd7 12. Nxd7 Kxd7 13. Be2
Rac8 14. O-O c5 15. Rac1 b6 16. b3 Rc6 17. e5 Ng4 18. f4 Ne3 19. Rf3 Bd5
20. Bxe3 Bxf3 21. Bxf3 dxe3 22. Bxc6+ Kxc6 23. Re1 Kd5 24. Rxe3 Kd4 25. Rf3
Kc3 26. g3 Kb2 27. Rf2+ Kc3 28. Kf1 Kxd3 29. Ke1 b5 30. Rd2+ Kc3 31. Rd7 a5
32. Rxf7 Kb2 33. e6 Kxa2 34. Rf5 Kxb3 35. Rxc5 Kb4 36. Re5 a4 37. Re4+ Kb3
38. Kd1 a3 39. Kc1 Rc8+ 40. Kd2 a2 41. Re1 Kb2 42. e7 a1=Q 43. e8=Q Rxe8
44. Rxe8 Qc1+ 45. Ke2 Qc4+ 46. Kf3 Qc6+ 47. Re4 b4 48. f5 b3 49. Kf4 Qxe4+
50. Kxe4 Kc2 51. g4 b2 52. g5 b1=Q 53. f6 gxf6 54. gxf6 Qb5 55. Kd4 Qf5 56.
h4 Qxf6+ 57. Ke4 Qxh4+ 58. Kf3 Kd3 59. Kg2 Ke4 60. Kg1 Kf3 61. Kf1 Qf2# {
White checkmated } 0-1

[Event "ICC tourney 2516 (60 10)"]
[Site "Internet Chess Club"]
[Date "2021.04.18"]
[Round "6"]
[White "ACEVEDO HERNANDEZ, KEYLA:NYHernandez"]
[Black "Han, Leqi:LH2013"]
[Result "1-0"]
[ICCResult "Black resigns"]
[WhiteElo "1258"]
[BlackElo "1219"]
[Opening "Scotch: Schmidt variation"]
[ECO "C45"]
[NIC "SO.04"]
[Time "16:32:37"]
[PlyCount "115"]
[TimeControl "3600+10"]

1. e4 e5 2. Nf3 Nc6 3. d4 exd4 4. Nxd4 Nf6 5. Nc3 Bb4 6. Nxc6 bxc6 7. Bd2
Bxc3 8. Bxc3 O-O 9. Bd3 Re8 10. Qf3 d5 11. Bxf6 Qxf6 12. Qxf6 gxf6 13. O-O
dxe4 14. Rfe1 Bf5 15. Bc4 Rab8 16. b3 Red8 17. Rad1 Kg7 18. h3 Rxd1 19.
Rxd1 Re8 20. g4 Bg6 21. h4 h5 22. gxh5 Bxh5 23. Rd7 Rc8 24. Ba6 Rg8 25. Kf1
f5 26. Rxc7 f4 27. Rxc6 e3 28. fxe3 fxe3 29. Be2 Bg6 30. Rc4 Rf8 31. Rg4
Kh6 32. Rg3 Re8 33. Bd3 Bh5 34. Ke1 Re5 35. c4 f5 36. Rg5 Bg4 37. b4 e2 38.
c5 Rd5 39. Bxe2 Re5 40. Kf1 Rxe2 41. Rxg4 Rxa2 42. Rc4 Rd2 43. c6 Rd8 44.
c7 Rc8 45. Kf2 Kg6 46. Kf3 Kf6 47. h5 Kg5 48. h6 Kxh6 49. Kf4 Kg6 50. Ke5
Kf7 51. Kd6 Ke8 52. Rf4 a5 53. bxa5 Ra8 54. Rxf5 Ra6+ 55. Kc5 Rxa5+ 56. Kb6
Rxf5 57. c8=Q+ Ke7 58. Qxf5 { Black resigns } 1-0

[Event "ICC tourney 2516 (60 10)"]
[Site "Internet Chess Club"]
[Date "2021.04.18"]
[Round "6"]
[White "BOSE, SIDDHARTH:siddharthbose"]
[Black "PAWAR, AVIN A:PS33ChessNinja"]
[Result "0-1"]
[ICCResult "White checkmated"]
[WhiteElo "1236"]
[BlackElo "879"]
[Opening "Vienna gambit: Paulsen attack"]
[ECO "C29"]
[NIC "VG.03"]
[Time "16:32:24"]
[PlyCount "120"]
[TimeControl "3600+10"]

1. e4 e5 2. Nc3 Nf6 3. f4 d5 4. fxe5 Nxe4 5. Qf3 Nc6 6. Bb5 Nxc3 7. bxc3
Bd7 8. d4 Qh4+ 9. g3 Qe4+ 10. Qxe4 dxe4 11. Ne2 Nxe5 12. Bxd7+ Nxd7 13. Bf4
Bd6 14. Bxd6 cxd6 15. Rb1 b6 16. Nf4 Nf6 17. O-O Rc8 18. Rb3 O-O 19. Ra3
Rc7 20. Ne2 Rfc8 21. h3 Nd5 22. Re1 f5 23. Kf2 Nxc3 24. Nxc3 Rxc3 25. Rxc3
Rxc3 26. Rc1 g6 27. h4 a5 28. Kg2 b5 29. Kf2 b4 30. Kg2 Kf7 31. d5 Kf6 32.
Kf2 Ke5 33. Kg2 Kxd5 34. Rd1+ Kc5 35. Rc1 d5 36. Kf2 d4 37. g4 fxg4 38. Ke2
d3+ 39. Ke3 dxc2+ 40. Kxe4 Kc4 41. Kf4 g3 42. Kg4 g2 43. Kg5 g1=Q+ 44. Rxg1
c1=Q+ 45. Rxc1 Rxc1 46. Kh6 b3 47. axb3+ Kxb3 48. Kxh7 Rh1 49. Kxg6 Rxh4
50. Kg5 Rb4 51. Kf5 a4 52. Ke5 a3 53. Kd5 a2 54. Kc5 a1=Q 55. Kc6 Qa6+ 56.
Kd5 Qd3+ 57. Kc5 Rb5+ 58. Kc6 Qd5+ 59. Kc7 Rb7+ 60. Kc8 Qd7# { White
checkmated } 0-1

[Event "ICC tourney 2516 (60 10)"]
[Site "Internet Chess Club"]
[Date "2021.04.18"]
[Round "6"]
[White "JUTRAS, ARNAUD:arnaudjutras"]
[Black "ASSELTA, SCARLETT:SRA0612"]
[Result "1-0"]
[ICCResult "Black checkmated"]
[WhiteElo "1150"]
[BlackElo "859"]
[Opening "English: symmetrical variation"]
[ECO "A36"]
[NIC "EO.64"]
[Time "16:32:33"]
[PlyCount "65"]
[TimeControl "3600+10"]

1. c4 c5 2. Nc3 Nc6 3. g3 Nf6 4. Bg2 e5 5. e4 Be7 6. Nge2 d6 7. O-O Be6 8.
d3 Qd7 9. f4 O-O-O 10. f5 Bxf5 11. Rxf5 g6 12. Bh3 Kb8 13. Rxf6 Qxh3 14.
Rxf7 h5 15. Qf1 Qg4 16. h3 Qe6 17. Nd5 Rdf8 18. Rxf8+ Rxf8 19. Qg2 g5 20.
Nxe7 Qxe7 21. Bd2 h4 22. Rf1 Re8 23. a3 Nd8 24. Nc3 Ne6 25. Nd5 Qd8 26.
gxh4 gxh4 27. Kh2 Rg8 28. Qe2 Nd4 29. Qd1 Rg3 30. Ba5 Qg8 31. Bc7+ Ka8 32.
Nb6+ axb6 33. Qa4# { Black checkmated } 1-0

[Event "ICC tourney 2516 (60 10)"]
[Site "Internet Chess Club"]
[Date "2021.04.18"]
[Round "6"]
[White "AYYAPPAN, SANTHOSH:SanthoshA"]
[Black "WANG, CONNOR JUNDA:czw1"]
[Result "1-0"]
[ICCResult "Black forfeits on time"]
[WhiteElo "1661"]
[BlackElo "1359"]
[Opening "Sicilian: Kan, 5.Nc3"]
[ECO "B43"]
[NIC "SI.41"]
[Time "16:32:21"]
[PlyCount "79"]
[TimeControl "3600+10"]

1. e4 c5 2. Nf3 e6 3. d4 cxd4 4. Nxd4 a6 5. Nc3 Qc7 6. Bd3 Nf6 7. O-O Bc5
8. Nb3 Be7 9. Be3 d6 10. f4 Nbd7 11. Qf3 b5 12. a3 Bb7 13. Rfe1 O-O 14.
Rad1 Rac8 15. Nd4 Nc5 16. Bf2 Nxd3 17. cxd3 Rfd8 18. Qe2 h6 19. Rc1 Qd7 20.
Nf3 d5 21. e5 Nh5 22. g3 g6 23. d4 Rc6 24. Be3 b4 25. axb4 Bxb4 26. Bd2
Rdc8 27. Na2 Rxc1 28. Rxc1 Rxc1+ 29. Bxc1 Ba5 30. Nc3 Ng7 31. Qc2 h5 32.
Na4 Nf5 33. Nc5 Qc7 34. Qa4 Bb6 35. b4 a5 36. Ba3 axb4 37. Qxb4 Bc6 38.
Nxe6 Qb8 39. Nc5 Kg7 40. Kf2 { Black forfeits on time } 1-0